AoeStats
← cortex1987

Arabia

509708116Analyzed
1v1 RM · 4d ago on Sep 27, 2026· 15m 56s· 2 players
Game mode
Random Map
Map size
Tiny (2 player)
Population
200
Speed
Normal
Resources
Standard
Victory
Conquest
Starting age
Dark Age
Ending age
Imperial Age
RankedLock teamsTeams togetherTeam positionsShared explorationLock speedFull tech treeHidden civsTurbo modeCheats
Victory
Defeat
🇮🇳 Japanese · India
321
+9
🇬🇧 Goths · United Kingdom
161
-9
cortex1987
13:06 Feudal Age
13:59 Man-at-Arms
aal4493
12:37 Feudal Age
13:22 Double-Bit Axe
14:18 Wheelbarrow
13:09 Man-at-Arms
14:28 Arson
15:37 Forging
Connection lost

Rejoining the realm…

Still unreachable

The connection could not be restored.

Session expired

The server has moved on; the page needs a fresh start.